 Dungeon Crawl Stone Soup version 0.27.1-3-gb3d3a73c9e (webtiles) character file.

Game seed: 2786707086323277294

3285 Crownlay the Nimble (level 10, -2/77 HPs)
             Began as a Gnoll Gladiator on Oct 17, 2021.
             Was a Priest of Nemelex Xobeh.
             Slain by a vampire mosquito (7 damage)
             ... on level 7 of the Dungeon.
             The game lasted 00:12:51 (8209 turns).

Crownlay the Nimble (Gnoll Gladiator)               Turns: 8209, Time: 00:12:52

Health: -2/77      AC:  6    Str: 16    XL:     10   Next: 0%
Magic:  26/26      EV: 15    Int:  9    God:    Nemelex Xobeh [***...]
Gold:   280        SH:  5    Dex: 13    Spells: 16/18 levels left

rFire    . . .     SeeInvis +   o - +7 dagger (elec)
rCold    . . .     Faith    .   x - +0 buckler
rNeg     . . .     Spirit   .   b - +0 leather armour
rPois    .         Reflect  .   c - +0 helmet
rElec    .         Harm     .   i - scarf {+Inv}
rCorr    .         Rampage  .   (no gloves)
Will     .....                  l - +0 pair of boots
Stlth    +++.......             (no amulet)
HPRegen  0.22/turn              E - ring of see invisible
MPRegen  0.20/turn              I - ring of magical power

@: no status effects
A: fangs 1, strong nose, distributed training
a: Renounce Religion, Evoke Invisibility, Draw Escape, Draw Destruction, Draw
Summoning, Triple Draw


You were on level 7 of the Dungeon.
You worshipped Nemelex Xobeh.
Nemelex Xobeh was most pleased with you.
You visited 1 branch of the dungeon, and saw 8 of its levels.

You collected 280 gold pieces.

Inventory:

Hand Weapons
 o - a +7 dagger of electrocution (weapon)
Missiles
 d - 3 throwing nets (quivered)
 n - a curare-tipped dart
Armour
 b - a +0 leather armour (worn)
 c - a +0 helmet (worn)
 i - a scarf of invisibility (worn)
 l - a +0 pair of boots (worn)
 q - a +2 helmet
 x - a +0 buckler (worn)
Magical Staves
 D - a staff of death
Jewellery
 E - a ring of see invisible (left hand)
 I - a ring of magical power (right hand)
Wands
 u - a wand of digging (7)
 F - a wand of acid (16)
Scrolls
 a - a scroll of immolation {unknown}
 h - 2 scrolls of fog {unknown}
 j - a scroll of brand weapon {unknown}
 k - 2 scrolls of teleportation
 r - a scroll of fear {unknown}
 s - a scroll of enchant armour {unknown}
 t - a scroll of identify
 v - 3 scrolls of blinking {unknown}
 y - 2 scrolls of holy word
 z - 2 scrolls of noise
Potions
 e - a potion of degeneration {unknown}
 f - 2 potions of heal wounds {unknown}
 g - a potion of cancellation {unknown}
 m - 2 potions of brilliance {unknown}
 p - 4 potions of invisibility {unknown}
 w - 2 potions of curing {unknown}
 A - 2 potions of mutation {unknown}
 B - a potion of magic {unknown}
 C - 3 potions of haste {unknown}
 G - a potion of resistance {unknown}


   Skills:
 + Level 6.7 Fighting
 + Level 4.8 Short Blades
 + Level 8.2 Long Blades
 + Level 4.8 Axes
 + Level 4.8 Maces & Flails
 + Level 4.8 Polearms
 + Level 4.8 Staves
 + Level 4.8 Slings
 + Level 4.8 Bows
 + Level 4.8 Crossbows
 + Level 6.7 Throwing
 + Level 4.8 Armour
 + Level 8.2 Dodging
 + Level 4.8 Stealth
 + Level 4.8 Shields
 + Level 4.8 Unarmed Combat
 + Level 4.8 Spellcasting
 + Level 3.9 Conjurations
 + Level 3.9 Hexes
 + Level 3.9 Summonings
 + Level 3.9 Necromancy
 + Level 3.9 Translocations
 + Level 3.9 Transmutations
 + Level 3.9 Fire Magic
 + Level 3.9 Ice Magic
 + Level 3.9 Air Magic
 + Level 3.9 Earth Magic
 + Level 3.9 Poison Magic
 + Level 5.2 Invocations
 + Level 4.8 Evocations


You had 16 spell levels left.
You knew the following spells:

 Your Spells              Type           Power      Damage    Failure   Level
a - Wereblood             Tmut           9%         N/A       9%          2

Your spell library contained the following spells:

 Spells                   Type           Power      Damage    Failure   Level
 Slow                     Hex            9%         N/A       9%          2
 Sublimation of Blood     Necr           4%         N/A       9%          2
 Confusing Touch          Hex            9%         N/A       17%         3
 Frozen Ramparts          Ice            18%        1d3       17%         3
 Ozocubu's Armour         Ice            9%         N/A       17%         3
 Ice Form                 Ice/Tmut       9%         N/A       50%         4
 Summon Ice Beast         Ice/Summ       9%         N/A       50%         4
 Summon Forest            Summ/Tloc      4%         N/A       85%         5
 Summon Mana Viper        Hex/Summ       9%         N/A       85%         5
 Yara's Violent Unravell  Hex/Tmut       4%         3d4       85%         5
 Shadow Creatures         Summ           N/A        N/A       100%        6
 Ozocubu's Refrigeration  Ice            4%         4d5       100%        7
 Summon Hydra             Summ           4%         N/A       100%        7


Dungeon Overview and Level Annotations

Branches:
Dungeon (8/15)             Temple (0/1) D:7
   Lair: D:8-11

Altars:
Cheibriados
Elyvilon
Gozag
Nemelex Xobeh
Okawaru
Sif Muna
Uskayaw


Innate Abilities, Weirdness & Mutations

You have very sharp teeth.
Your uncanny sense of smell can sniff out nearby items.
Your experience applies equally to all skills.


Message History

The vampire mosquito barely misses you.
The vampire mosquito closely misses you.
The vampire mosquito closely misses you.
The vampire mosquito misses you. The vampire mosquito bites you!
The vampire mosquito draws strength from your injuries!
The vampire mosquito bites you.
The vampire mosquito draws strength from your injuries!
The vampire mosquito bites you but does no damage.
The vampire mosquito closely misses you.
The vampire mosquito completely misses you.
The vampire mosquito bites you.
* * * LOW HITPOINT WARNING * * *
The vampire mosquito draws strength from your injuries!
The vampire mosquito misses you.
You draw a card...
You have drawn the Tomb.
Walls emerge from the floor!
You block the vampire mosquito's attack.
The vampire mosquito closely misses you.
You draw a card...
You have drawn the Tomb.
Nothing appears to happen.
The deck of cards glows with a rainbow of weird colours and disappears.
The vampire mosquito bites you!
* * * LOW HITPOINT WARNING * * *
The vampire mosquito draws strength from your injuries!
The vampire mosquito barely misses you. The vampire mosquito bites you.
* * * LOW HITPOINT WARNING * * *
The vampire mosquito draws strength from your injuries!
The vampire mosquito misses you.
You draw a card...
You have drawn the Orb.
Press: ? - help, Shift-Dir - straight line, f - vampire mosquito
Aim: a vampire mosquito The wavering orb of destruction weakly hits the vampire mosquito!
The vampire mosquito is severely damaged.
The vampire mosquito closely misses you.
The vampire mosquito bites you.
* * * LOW HITPOINT WARNING * * *
The vampire mosquito draws strength from your injuries!
The vampire mosquito bites you!
You die...
Your body disappears without a glow.

.# #....#≈≈...≈≈≈≈≈≈≈≈≈≈≈≈≈ .###
#....#≈⌠._........[..... .#.#
#....#≈≈...≈≈≈≈≈≈≈≈≈≈≈≈≈ .#.####
##..###≈≈⌠≈≈##.P#P.#..#.
.#....####..># ##≈≈≈##..P.P..P...
.#.##..##..#.########.....#######
.#......#.#......................
.#[÷..#........###........#######
.#...<##.##...oy@#........#
.#)..##..##....y##.......<#
.#..................#######
.#......###.^.......#
##.....####.........#
##.....##...........#
##......[.#.........#
...[[....#..........#
......#....#...######


You could see 2 vampire mosquitoes and an orc wizard (invisible).

Vanquished Creatures
  Joseph (D:7)
  A vampire mosquito (D:8)
  Duvessa (D:7)
  2 water moccasins
  An orc warrior (D:6)
  2 ice beasts
  4 sky beasts
  A black bear (D:5)
  4 ogres
  A centaur (D:6)
  2 kobold brigands
  2 scorpions (D:5)
  Dowan (D:7)
  4 wights (D:7)
  An electric eel (D:7)
  A centaur zombie (D:6)
  A jelly (D:5)
  An orc priest (D:8)
  A centaur skeleton (D:6)
  5 hounds
  A gnoll shaman (D:5)
  Ijyb (D:5)
  5 iguanas
  An orc wizard (D:6)
  A killer bee zombie (D:7)
  A hound zombie (D:5)
  7 adders
  13 gnolls
  2 white imps
  2 ufetubi (D:5)
  2 adder skeletons (D:4)
  A worm (D:3)
  4 dart slugs
  7 orcs
  8 ball pythons
  2 bats
  4 endoplasms
  3 giant cockroaches
  13 goblins
  6 hobgoblins
  9 jackals
  5 quokkas
  7 frilled lizards
  21 kobolds
  7 rats
170 creatures vanquished.

Vanquished Creatures (collateral kills)
  An iguana (D:5)
1 creature vanquished.

Vanquished Creatures (others)
  A plant (D:7)
1 creature vanquished.

Grand Total: 172 creatures vanquished

Notes
Turn   | Place    | Note
-------+----------+-------------------------------------------
     0 | D:1      | Crownlay the Gnoll Gladiator began the quest for the Orb.
     0 | D:1      | Reached XP level 1. HP: 20/20 MP: 1/1
   306 | D:1      | Reached XP level 2. HP: 26/26 MP: 2/2
   607 | D:1      | Reached XP level 3. HP: 30/31 MP: 3/3
   980 | D:2      | Reached skill level 1 in Invocations
   986 | D:2      | Reached skill level 1 in Short Blades
   986 | D:2      | Reached skill level 1 in Axes
   986 | D:2      | Reached skill level 1 in Maces & Flails
   986 | D:2      | Reached skill level 1 in Polearms
   986 | D:2      | Reached skill level 1 in Staves
   986 | D:2      | Reached skill level 1 in Slings
   986 | D:2      | Reached skill level 1 in Bows
   986 | D:2      | Reached skill level 1 in Crossbows
   986 | D:2      | Reached skill level 1 in Armour
   986 | D:2      | Reached skill level 1 in Stealth
   986 | D:2      | Reached skill level 1 in Shields
   986 | D:2      | Reached skill level 1 in Unarmed Combat
   986 | D:2      | Reached skill level 1 in Spellcasting
   986 | D:2      | Reached skill level 1 in Evocations
  1116 | D:2      | Reached XP level 4. HP: 29/38 MP: 5/5
  1451 | D:2      | Found a sparkling altar of Nemelex Xobeh.
  1496 | D:2      | Became a worshipper of Nemelex Xobeh the Trickster
  1610 | D:3      | Reached skill level 1 in Conjurations
  1610 | D:3      | Reached skill level 1 in Hexes
  1610 | D:3      | Reached skill level 1 in Summonings
  1610 | D:3      | Reached skill level 1 in Necromancy
  1610 | D:3      | Reached skill level 1 in Translocations
  1610 | D:3      | Reached skill level 1 in Transmutations
  1610 | D:3      | Reached skill level 1 in Fire Magic
  1610 | D:3      | Reached skill level 1 in Ice Magic
  1610 | D:3      | Reached skill level 1 in Air Magic
  1610 | D:3      | Reached skill level 1 in Earth Magic
  1610 | D:3      | Reached skill level 1 in Poison Magic
  1777 | D:3      | Reached XP level 5. HP: 43/43 MP: 6/6
  2017 | D:3      | Found a faded altar of an unknown god.
  2511 | D:3      | Found an iron altar of Okawaru.
  2806 | D:4      | Reached * piety under Nemelex Xobeh
  2986 | D:4      | Noticed a kobold brigand
  3018 | D:4      | Killed a kobold brigand
  3019 | D:4      | Reached XP level 6. HP: 38/46 MP: 8/8
  3077 | D:4      | Received a gift from Nemelex Xobeh
  3248 | D:4      | Found an opulent altar of Gozag.
  3338 | D:4      | Reached skill level 5 in Fighting
  3338 | D:4      | Reached skill level 5 in Throwing
  3564 | D:4      | Found a snail-covered altar of Cheibriados.
  3626 | D:5      | Entered Level 5 of the Dungeon
  3711 | D:5      | Noticed a sky beast
  3738 | D:5      | Killed a sky beast
  3739 | D:5      | Reached XP level 7. HP: 33/56 MP: 10/10
  3865 | D:5      | Reached ** piety under Nemelex Xobeh
  4064 | D:5      | HP: 1/56 [iguana (9)]
  4803 | D:5      | Received a gift from Nemelex Xobeh
  4806 | D:5      | Reached XP level 8. HP: 63/63 MP: 12/12
  4807 | D:5      | Noticed Ijyb
  4823 | D:5      | Killed Ijyb
  4960 | D:5      | Found a hide-covered altar of Uskayaw.
  5396 | D:5      | Learned a level 2 spell: Wereblood
  5940 | D:6      | Reached XP level 9. HP: 33/69 MP: 14/14
  6806 | D:7      | Noticed Duvessa
  6813 | D:7      | Killed Duvessa
  6820 | D:7      | Noticed Dowan
  6830 | D:7      | Killed Dowan
  7016 | D:7      | Found a staircase to the Ecumenical Temple.
  7442 | D:7      | Received a gift from Nemelex Xobeh
  7443 | D:7      | Reached *** piety under Nemelex Xobeh
  7467 | D:7      | Found a shimmering blue altar of Sif Muna.
  7740 | D:7      | Noticed Joseph
  7740 | D:7      | Noticed Prince Ribbit
  7847 | D:7      | Killed Joseph
  7848 | D:7      | Reached skill level 5 in Invocations
  7863 | D:7      | Noticed Prince Ribbit
  7863 | D:7      | Prince Ribbit changed into Prince Ribbit the water moccasin
  7867 | D:7      | Killed Prince Ribbit the water moccasin
  8133 | D:7      | Found a white marble altar of Elyvilon.
  8185 | D:8      | Reached XP level 10. HP: 67/77 MP: 17/17
  8209 | D:7      | Slain by a vampire mosquito

Illustrated notes

Levels and vault maps discovered:
D:1:      lightli_arrival_windingriver, layout_basic, minmay_heptomino_w4
D:2:      layout_rooms, basic_altar, dk_vineyard_3
D:3:      layout_basic, mainiacjoe_overflow_alcove_4,
          hellmonk_ecumenical_altar_lost_god
D:4:      layout_cave_pools, mainiacjoe_overflow_alcove_1,
          grunt_gozag_breadcrumbs
D:5:      layout_rooms, mainiacjoe_overflow_alcove_2, minmay_quadrilaterals,
          uniq_ijyb
D:6:      layout_basic, minmay_misc_feat_hallway, eino_tiny_chamber,
          lightli_minifort
D:7:      layout_rooms, lemuel_blue_sif_altar, nicolae_elyvilon_temple_path,
          minmay_temple_entry_antechambers, uniq_duvessa, uniq_joseph,
          uniq_prince_ribbit1
D:8:      layout_loops_ring, lemuel_crystal_altar, serial_shops,
          kennysheep_mini_moat

Skill      XL: |  1  2  3  4  5  6  7  8  9 |
---------------+----------------------------+-----
Invocations    | 1 2 3 4 5 |  5.2
Short Blades   | 1 2 3 4 |  4.8
Axes           | 1 2 3 4 |  4.8
Maces & Flails | 1 2 3 4 |  4.8
Polearms       | 1 2 3 4 |  4.8
Staves         | 1 2 3 4 |  4.8
Slings         | 1 2 3 4 |  4.8
Bows           | 1 2 3 4 |  4.8
Crossbows      | 1 2 3 4 |  4.8
Armour         | 1 2 3 4 |  4.8
Stealth        | 1 2 3 4 |  4.8
Shields        | 1 2 3 4 |  4.8
Unarmed Combat | 1 2 3 4 |  4.8
Spellcasting   | 1 2 3 4 |  4.8
Evocations     | 1 2 3 4 |  4.8
Conjurations   | 1 2 3 |  3.9
Hexes          | 1 2 3 |  3.9
Summonings     | 1 2 3 |  3.9
Necromancy     | 1 2 3 |  3.9
Translocations | 1 2 3 |  3.9
Transmutations | 1 2 3 |  3.9
Fire Magic     | 1 2 3 |  3.9
Ice Magic      | 1 2 3 |  3.9
Air Magic      | 1 2 3 |  3.9
Earth Magic    | 1 2 3 |  3.9
Poison Magic   | 1 2 3 |  3.9
Fighting       | 5 6 |  6.7
Throwing       | 5 6 |  6.7
Long Blades    | 7 8 |  8.2
Dodging        | 7 8 |  8.2

Action                   |  1- 3 |  4- 6 |  7- 9 | 10-12 || total
-------------------------+-------+-------+-------+-------++-------
Melee: Long sword        |    82 |    24 |       |       ||   106
       Bite              |     6 |    22 |    27 |       ||    55
       Dagger            |       |   198 |   263 |    10 ||   471
Throw: Throwing net      |       |       |     7 |       ||     7
Invok: Draw Destruction  |       |       |     7 |     1 ||     8
       Draw Summoning    |       |       |     1 |       ||     1
       Draw Escape       |       |       |       |     3 ||     3
  Use: Potion            |       |     2 |       |       ||     2
       Scroll            |       |     3 |     6 |       ||     9
 Stab: Sleeping          |     3 |     2 |     5 |       ||    10
Armor: Leather armour    |    26 |    59 |    58 |     8 ||   151
Dodge: Dodged            |    68 |   151 |   174 |    33 ||   426
Block: Buckler           |       |    23 |    58 |    10 ||    91
       Rpst.: Long sword |    26 |     9 |       |       ||    35
